 Dungeon Crawl Stone Soup version 0.17-a0-1941-gcc30b76 (webtiles) character file.

555 Ordine the Magician (level 7, -9/36 HPs)
             Began as a Gargoyle Fire Elementalist on Sept 30, 2015.
             Mangled by a hill giant
             ... wielding a +0 giant club
              (28 damage)
             ... on level 5 of the Dungeon.
             The game lasted 00:19:00 (3637 turns).

Ordine the Magician (Gargoyle Fire Elementalist)    Turns: 3637, Time: 00:19:00

Health: -9/36      AC: 14    Str: 12    XL:     7   Next: 30%
Magic:  0/15       EV: 12    Int: 17    God:
Gold:   173        SH:  0    Dex: 10    Spells: 4 memorised, 4 levels left

rFire  . . .     SeeInvis .     B - +2 flail (protect)
rCold  . . .     Clarity  .     a - +0 robe
rNeg   + . .     SustAt   +     (no shield)
rPois  ∞         Gourm    +     (no helmet)
rElec  +         Spirit   .     i - +1 cloak
rCorr  .         Warding  .     t - +0 pair of gloves
rMut   .         Stasis   .     (no boots)
MR     .....                    A - amulet of the gourmand
Stlth  ++........               (no ring)
                                z - ring of sustain attributes

@: very slightly contaminated, not resistant to hostile enchantments, unstealthy
A: negative energy resistance 1, electricity resistance, unbreathing,
petrification resistance, rot immunity, AC +4
a: no special abilities


You were on level 5 of the Dungeon.
You were not hungry.

You visited 1 branch of the dungeon, and saw 5 of its levels.

You collected 173 gold pieces.

Inventory:

Hand weapons
 f - a +1 whip of electrocution
 B - a +2 flail of protection (weapon)
Armour
 a - a +0 robe (worn)
 i - a +1 cloak (worn)
 t - a +0 pair of gloves (worn)
Jewellery
 y - an uncursed ring of teleportation
 z - a ring of sustain attributes (left hand)
 A - an amulet of the gourmand (around neck)
Magical devices
 e - a wand of draining (8)
 q - a wand of enslavement (13)
 u - a wand of enslavement (15)
Scrolls
 d - 2 scrolls of enchant armour
 h - 2 scrolls of amnesia
 j - a scroll of fear
 o - 2 scrolls of teleportation
 s - 2 scrolls of magic mapping
 C - 2 scrolls of remove curse
Potions
 g - 3 potions of brilliance
 k - 2 potions of haste
 l - 4 potions of curing
 m - a potion of flight
 r - a potion of might
 w - a potion of heal wounds
Books
 b - a book of Flames

   Spells                             Type                      Level
   a - Flame Tongue                   Conjuration/Fire             1
   b - Throw Flame                    Conjuration/Fire             2
   c - Conjure Flame                  Conjuration/Fire             3
   d - Inner Flame                    Hexes/Fire                   3
   e - Sticky Flame                   Conjuration/Fire             4
   f - Fireball                       Conjuration/Fire             5
Comestibles
 c - 2 bread rations
 n - 2 slices of pizza
 p - 5 chunks of flesh
 v - a beef jerky
 x - 3 meat rations


   Skills:
 - Level 1.5 Dodging
 - Level 2.1 Stealth
 * Level 5.5 Spellcasting
 + Level 4.0 Conjurations
 + Level 4.4 Fire Magic


You had 4 spell levels left.
You knew the following spells:

 Your Spells              Type           Power        Failure   Level  Hunger
a - Flame Tongue          Conj/Fire      ###..        2%          1    None
b - Conjure Flame         Conj/Fire      ###.....     10%         3    ##.....
c - Sticky Flame          Conj/Fire      ###.....     24%         4    ####...
d - Fireball              Conj/Fire      ###.......   71%         5    ######.


Dungeon Overview and Level Annotations

Branches:
Dungeon (5/15)
 Temple: D:4-7

Altars:
Okawaru
Trog


Innate Abilities, Weirdness & Mutations

You are resistant to torment.
Your stone body is resilient (AC +4).
You are immune to poison.
You resist negative energy.
You are resistant to electric shocks.
You can survive without breathing.
You are immune to petrification.
You are immune to rotting.


Message History

Casting: Flame Tongue
Confirm with . or Enter, or press ? or * to list all spells.
Aiming: Flame Tongue
Press: ? - help, Shift-Dir - straight line, f/p - hill giant
Aim: a hill giant, wielding a giant club (severely wounded)
The flame tongue hits the hill giant.
The hill giant is severely wounded.
The hill giant barely misses you.
Casting: Flame Tongue
Confirm with . or Enter, or press ? or * to list all spells.
Aiming: Flame Tongue
Press: ? - help, Shift-Dir - straight line, f/p - hill giant
Aim: a hill giant, wielding a giant club (severely wounded)
You miscast Flame Tongue.
Nothing appears to happen.
The hill giant hits you with a giant club!
You hit the hill giant.
The hill giant is severely wounded.
The hill giant hits you with a giant club!!
Ouch! That really hurt!
You die...

#........# #..#
#........###..####
#................#
#........###..##.###.
########.....>.......
#########........#
#................#
#........C.......#
#........@.......#
#................#
#................#
####....#........#
#.##.#........#
###.##.####.#####
#####<#.##.# #.#
#.......##.# #.#
#.###......# #.#


You could see a hill giant.

Vanquished Creatures
  A phantom (D:4)
  The ghost of kinazarov the Ruffian, an average VSMo of Kikubaaqudgha (D:3)
  A giant frog skeleton (D:3)
  An iguana (D:4)
  4 orc priests
  A centaur skeleton (D:4)
  An orc wizard (D:3)
  2 worker ants (D:4)
  3 adders
  An adder skeleton (D:4)
  A worm (D:3)
  3 giant geckos
  18 orcs
  5 giant cockroaches
  6 hobgoblins
  4 jackals (D:3)
  2 ball pythons
  6 bats
  4 giant newts
  6 goblins
  A kobold (D:3)
  9 rats
81 creatures vanquished.

Notes
Turn   | Place    | Note
--------------------------------------------------------------
     0 | D:1      | Ordine the Gargoyle Fire Elementalist began the quest for the Orb.
     0 | D:1      | Reached XP level 1. HP: 10/10 MP: 3/3
   360 | D:1      | Reached XP level 2. HP: 4/15 MP: 0/5
   822 | D:2      | Found an iron altar of Okawaru.
  1325 | D:2      | Reached XP level 3. HP: 19/19 MP: 5/7
  1374 | D:2      | Learned a level 3 spell: Conjure Flame
  1606 | D:3      | Found a faded altar to an unknown god.
  1692 | D:3      | Reached XP level 4. HP: 24/24 MP: 0/9
  1752 | D:3      | Reached XP level 5. HP: 12/28 MP: 2/10
  1760 | D:3      | Learned a level 4 spell: Sticky Flame
  1841 | D:3      | Found a bloodstained altar of Trog.
  1937 | D:3      | Reached skill level 4 in Spellcasting
  2031 | D:3      | Noticed kinazarov's ghost (average VSMo)
  2041 | D:3      | Killed kinazarov's ghost
  2041 | D:3      | Reached XP level 6. HP: 25/32 MP: 2/12
  2050 | D:3      | Learned a level 5 spell: Fireball
  2979 | D:4      | Reached skill level 5 in Spellcasting
  3081 | D:4      | Reached XP level 7. HP: 34/36 MP: 9/14
  3391 | D:5      | Entered Level 5 of the Dungeon
  3617 | D:5      | Noticed a hill giant
  3637 | D:5      | Mangled by a hill giant

Vault maps used:
D:1:      scummos_arrival_hexagon, minivault_25, grunt_decor_fettered
D:2:      okawaru_trees_1
D:3:      ecumenical_altar_1, bloody_trog
D:4:      minmay_misc_feat_nine_boxes, minmay_ruptured
D:5:      kennysheep_mini, first_bread, makhleb_blood_cavern_becter,
          uniq_blork_the_orc

Action                   |  1- 3 |  4- 6 |  7- 9 || total
-------------------------+-------+-------+-------++-------
Melee: Whip              |    16 |    42 |     1 ||    59
       Flail             |       |       |    12 ||    12
 Cast: Flame Tongue      |    56 |    64 |    45 ||   165
       Conjure Flame     |       |       |     2 ||     2
  Use: Scroll            |    12 |     4 |       ||    16
 Stab: Sleeping          |       |     2 |       ||     2
  Eat: Chunk             |     3 |     4 |     3 ||    10
